Map: Cañón atribulado

Players

MrFercho - Winner!

  • Race: Zerg Zerg
  • League: Gold
  • Spawn Location: 12:00

TATORREA - Winner!

  • Race: Protoss Protoss
  • League: Gold
  • Spawn Location: 12:00

tigro - Winner!

  • Race: Terran Terran
  • League: Bronze
  • Spawn Location: 3:00

mugentime

  • Race: Terran Terran
  • League: Gold
  • Spawn Location: 7:00

haake

  • Race: Terran Terran
  • League: Silver
  • Spawn Location: 6:00

rbl

  • Race: Terran Terran
  • Spawn Location: 6:00

VOD

Have the link to the VOD?

Description

Time

  • Played on: July 21, 2020, 10:07 p.m.
  • Length: 16:59
Show
View Real Time Build Order
Export as new Build Order

MrFercho Zerg - Winner!

Build Orders: Hatch First 

Get SALT Encoding   

  12  0:01  Drone  
  13  0:13  Overlord  
  13  0:25  Drone  
  14  0:39  Drone x3  
  17  0:58  Drone  
  17  0:59  Hatchery  
  17  1:02  Drone  
  18  1:12  Extractor  
  18  1:17  Spawning Pool  
  16  1:20  Drone  
  16  1:24  Drone  
  18  1:33  Drone  
  19  1:43  Overlord  
  19  1:54  Drone  
  20  2:04  Queen  
  22  2:11  Queen  
  22  2:13  Zergling x4  
  26  2:17  Drone  
  26  2:20  Metabolic Boost  
  26  2:22  Drone  
  28  2:26  Drone  
  29  2:33  Overlord  
  29  2:37  Drone  
  30  2:53  Drone  
  30  2:54  Drone  
  30  2:58  Drone  
  33  2:59  Drone  
  33  3:05  Drone  
  35  3:10  Drone  
  36  3:23  Drone  
  36  3:24  Drone x3  
  36  3:26  Overlord  
  40  3:27  Overlord  
  40  3:29  Overlord  
  40  3:43  Lair  
  40  3:49  Zergling x8  
  44  4:00  Zergling x16  
  52  4:09  Drone  
  53  4:16  Drone  
  54  4:24  Drone x2  
  56  4:31  Hatchery  
  56  4:34  Drone x2  
  56  4:35  Baneling Nest  
  56  4:38  Hatchery  
  55  4:39  Extractor  
  55  4:40  Extractor  
  53  4:46  Drone x7  
  53  4:48  Nydus Network  
  59  5:08  Drone x4  
  63  5:17  Evolution Chamber  
  63  5:21  Queen  
  62  5:24  Pneumatized Carapace  
  64  5:29  Baneling x9  
  64  5:31  Baneling  
  64  5:35  Zergling x2  
  64  5:36  Zergling x6  
  64  5:37  Overlord x3  
  64  5:38  Overlord  
  68  5:48  Zergling x2  
  68  5:49  Zergling x6  
  72  6:05  Zergling x2  
  72  6:06  Zergling x12  
  79  6:13  Nydus Canal  
  79  6:17  Zergling x14  
  86  6:33  Zergling x2  
  86  6:34  Zergling x10  
  92  6:41  Zergling x6  
  92  6:42  Zergling x4  
  92  6:43  Drone  
  98  6:50  Queen  
  100  6:54  Queen  
  100  7:00  Zergling x12  
  98  7:19  Zergling x8  
  98  7:20  Zergling x10  
  106  7:25  Zergling x4  
  106  7:26  Queen  
  106  7:33  Overseer  
  106  7:34  Zergling x2  
  106  7:35  Zergling x8  
  98  8:08  Zergling x8  
  98  8:09  Zergling x20  
  111  8:14  Zerg Melee Weapons Level 1  
  111  8:18  Hydralisk Den  
  104  8:51  Zergling x8  
  104  8:52  Zergling x10  
  111  9:01  Overlord x5  
  111  9:02  Overlord x5  
  105  9:03  Overlord  
  105  9:09  Nydus Canal  
  95  9:22  Muscular Augments  
  95  9:23  Hydralisk x9  
  98  10:24  Nydus Canal  
  98  10:26  Hydralisk x4  
  98  10:27  Hydralisk x17  
  98  10:28  Hydralisk  
  140  10:34  Grooved Spines  
  142  10:40  Hydralisk x4  
  144  10:51  Zerg Missile Weapons Level 1  
  138  11:11  Hydralisk x5  
  142  11:24  Drone x2  
  142  11:25  Drone x16  
  160  11:29  Extractor  
  160  11:31  Extractor  
  160  11:32  Extractor  
  157  11:34  Extractor  
  157  11:39  Hydralisk  
  156  11:40  Hydralisk x2  
  162  11:48  Nydus Canal  
  162  11:56  Hydralisk x3  
  168  12:16  Overseer  
  168  12:22  Burrow  
  159  13:54  Hydralisk x14  
  159  13:55  Hydralisk x2  
  191  13:57  Overlord x4  
  185  14:10  Overseer x4  
  185  14:16  Nydus Canal  
  161  14:30  Hydralisk x13  
  173  15:02  Hydralisk  
  173  15:03  Hydralisk x8  
Show
View Real Time Build Order
Export as new Build Order

TATORREA Protoss - Winner!

Build Orders: 1 Gate Expand, Archon Immortal 

Get SALT Encoding   

  12  0:01  Probe  
  13  0:13  Probe  
  14  0:25  Probe  
  14  0:26  Pylon  
  15  0:44  Probe  
  16  0:54  Gateway  
  16  0:55  Probe  
  17  1:02  Assimilator  
  17  1:03  Probe  
  17  1:08  Pylon  
  18  1:11  Probe  
  19  1:22  Probe  
  20  1:36  Probe  
  21  1:44  Nexus  
  21  1:51  Cybernetics Core  
  21  1:59  Probe  
  22  2:06  Assimilator  
  22  2:11  Probe  
  23  2:18  Gateway  
  23  2:22  Pylon  
  23  2:25  Zealot  
  23  2:29  Warp Gate  
  25  2:34  Probe  
  26  2:46  Probe  
  26  2:49  Gateway  
  27  2:55  Zealot  
  29  2:58  Probe  
  29  2:59  Probe  
  30  3:20  Probe x2  
  32  3:28  Zealot  
  32  3:32  Zealot  
  36  3:43  Twilight Council  
  36  3:45  Robotics Facility  
  36  3:59  Charge  
  36  4:05  Probe  
  36  4:06  Probe  
  38  4:18  Probe x2  
  40  4:28  Zealot x2  
  40  4:29  Zealot  
  46  4:37  Probe x2  
  48  4:46  Pylon  
  48  4:47  Immortal  
  48  4:49  Pylon, Probe x2  
  54  5:07  Forge, Probe x2  
  54  5:13  Assimilator  
  56  5:17  Assimilator  
  56  5:19  Probe, Zealot  
  59  5:22  Zealot  
  59  5:26  Zealot  
  63  5:36  Immortal  
  63  5:39  Probe x2  
  63  5:41  Protoss Ground Weapons Level 1  
  69  5:51  Probe  
  70  6:06  Pylon, Probe  
  59  6:12  Pylon  
  59  6:28  Observer  
  59  6:31  Zealot x2  
  59  6:32  Zealot  
  66  6:34  Blink  
  66  6:45  Nexus  
  66  6:47  Pylon  
  66  6:49  Pylon  
  66  6:50  Probe  
  66  6:53  Gateway  
  67  6:55  Zealot x2  
  67  6:56  Gateway  
  67  6:57  Zealot  
  55  7:44  Protoss Ground Weapons Level 2  
  49  7:55  Zealot x4  
  49  7:56  Zealot  
  49  7:58  Immortal, Probe  
  59  7:59  Probe x2  
  62  8:11  Probe x3  
  65  8:18  Nexus  
  65  8:23  Probe x3  
  65  8:25  Assimilator  
  65  8:26  Assimilator  
  68  8:27  Templar Archives, Zealot  
  68  8:29  Zealot  
  71  8:35  Probe x3  
  71  8:36  Zealot x2  
  71  8:39  Observer  
  71  8:40  Forge  
  79  8:42  Forge  
  79  9:01  Stargate  
  79  9:02  Stargate  
  79  9:03  Probe x2  
  79  9:04  Probe  
  79  9:06  Psionic Storm  
  79  9:07  Protoss Ground Armor Level 1, Protoss Shields Level 1, Stargate  
  82  9:15  Probe x2  
  82  9:16  Probe, High Templar x3  
  91  9:17  High Templar x2  
  91  9:21  Archon x2  
  91  9:24  Immortal  
  99  9:36  Probe x4  
  103  9:47  Pylon  
  103  9:48  Probe x4  
  103  9:51  Pylon  
  107  9:56  Gateway  
  107  9:58  Gateway  
  107  10:00  Probe x4  
  107  10:03  Observer  
  107  10:05  Zealot x3  
  107  10:06  Zealot x2  
  122  10:16  Void Ray x2  
  122  10:21  Void Ray  
  130  10:26  Protoss Ground Weapons Level 3  
  134  10:32  Fleet Beacon  
  134  10:34  Pylon  
  134  10:41  Assimilator  
  134  10:42  High Templar x2  
  136  10:43  High Templar x3  
  136  10:46  Assimilator  
  144  10:52  Archon x2  
  144  11:01  Void Ray  
  144  11:02  Void Ray  
  102  11:56  Protoss Ground Armor Level 2  
  94  12:03  High Templar x3  
  94  12:04  High Templar x3  
  94  12:23  Probe x2  
  94  12:24  Probe  
  93  12:34  Pylon  
  93  12:37  Pylon  
  93  12:42  Pylon  
  93  12:45  Pylon  
  93  12:50  Gateway, Protoss Shields Level 2  
  93  12:52  Gateway  
  93  12:54  Gateway  
  93  12:56  Gateway  
  93  12:59  Gateway  
  93  13:05  High Templar x4  
  97  13:06  High Templar  
  97  13:10  Gateway  
  97  13:12  Gateway  
  103  13:15  Gateway  
  103  13:18  Gateway  
  103  13:21  Gateway  
  103  13:23  Gateway  
  95  13:32  Pylon  
  90  13:34  Robotics Bay, Archon x2  
  90  13:35  Archon x3  
  90  13:39  Stalker x4  
  90  13:40  Stalker x3  
  104  13:48  Probe  
  104  13:49  Probe x3  
  108  13:56  Tempest x2  
  108  13:57  Carrier  
  108  14:00  Probe  
  108  14:01  Probe x3, Nexus  
  120  14:09  Observer  
  121  14:13  Probe x4  
  114  14:32  Probe x4  
  118  14:45  Probe  
  119  14:46  Probe  
  120  14:53  Tempest, Carrier  
  131  15:01  Tempest  
  136  15:08  High Templar x4  
  136  15:11  Zealot x3  
  136  15:12  Zealot x4  
  136  15:13  Zealot x5  
  168  15:14  Zealot x2  
  168  15:17  Extended Thermal Lance  
  168  15:19  Archon x2  
  172  15:36  Carrier  
Show
View Real Time Build Order
Export as new Build Order

tigro Terran - Winner!

Build Orders:  

Get SALT Encoding   

  12  0:03  SCV  
  13  0:15  SCV  
  14  0:23  Supply Depot  
  14  0:27  SCV  
  15  0:37  Refinery  
  15  0:45  SCV  
  16  0:53  Barracks  
  16  0:57  SCV  
  17  1:09  SCV  
  18  1:17  Refinery  
  18  1:21  SCV  
  19  1:28  Supply Depot  
  19  1:33  SCV  
  20  1:41  Marine  
  20  1:45  SCV  
  22  1:57  SCV  
  22  1:59  Marine  
  24  2:06  Factory  
  24  2:16  SCV  
  24  2:17  Marine  
  26  2:26  Engineering Bay  
  26  2:30  Orbital Command  
  26  2:34  Marine  
  27  2:52  Marine  
  27  2:58  Factory Tech Lab  
  28  3:16  Command Center  
  28  3:20  Barracks Tech Lab  
  28  3:24  Terran Infantry Weapons Level 1  
  28  3:27  Siege Tank  
  31  3:56  Combat Shield  
  31  4:26  Siege Tank  
  31  4:29  Marine, Refinery  
  35  4:34  SCV  
  36  4:46  SCV  
  36  4:47  Marine  
  38  4:58  Siege Tank, SCV  
  42  5:03  Starport  
  42  5:05  Marine  
  43  5:15  Stimpack  
  43  5:18  Terran Infantry Armor Level 1  
  43  5:23  Marine  
  44  5:39  Planetary Fortress  
  44  5:40  Marine  
  45  5:59  Medivac  
  45  6:00  Barracks  
  45  6:03  Marine  
  48  6:20  Marine  
  49  6:38  Marine  
  50  6:56  Marine  
  50  7:00  Barracks Reactor  
  50  7:01  Starport Tech Lab  
  51  7:13  Hi-Sec Auto Tracking  
  51  7:14  Marine  
  52  7:25  Missile Turret  
  52  7:57  Missile Turret  
  51  8:09  Neosteel Armor  
  29  8:36  Marine  
  29  8:37  Marine x2  
  32  8:54  Marine x3  
  35  8:57  Missile Turret  
  35  9:12  Marine x3  
  35  9:13  Refinery  
  35  9:15  SCV  
  39  9:25  Missile Turret  
  39  9:27  SCV  
  39  9:30  Marine x3  
  43  9:35  Armory  
  43  9:39  SCV  
  44  9:48  Marine x3  
  44  9:51  SCV  
  48  9:52  Missile Turret  
  48  9:57  Siege Tank  
  51  10:03  SCV  
  51  10:05  Marine  
  51  10:06  Marine x2  
  55  10:13  Missile Turret  
  55  10:14  Medivac  
  57  10:22  Terran Infantry Weapons Level 2  
  57  10:23  Marine, Fusion Core  
  57  10:24  Marine x2  
  57  10:26  Terran Vehicle Weapons Level 1  
  60  10:33  Missile Turret  
  60  10:41  Marine  
  61  10:43  Supply Depot  
  61  10:54  Missile Turret  
  61  11:03  Marine  
  62  11:04  Medivac, Marine x2  
  62  11:05  Siege Tank  
  62  11:06  Supply Depot  
  69  11:17  Missile Turret  
  69  11:21  Marine  
  69  11:22  Marine  
  69  11:25  Marine  
  64  11:36  Thor  
  64  11:39  Marine, Missile Turret  
  57  11:40  Marine  
  57  11:43  Marine  
  57  11:57  Marine  
  57  11:58  Marine  
  57  12:01  Marine  
  56  12:02  Missile Turret  
  54  12:15  Marine x2  
  55  12:19  Thor, Marine  
  55  12:20  Terran Vehicle And Ship Armor Level 1  
  58  12:33  Marine x2  
  58  12:36  Marine  
  61  12:37  Terran Infantry Armor Level 2  
  61  12:48  Weapon Refit  
  61  12:50  Marine  
  62  12:51  Marine  
  62  12:54  Marine  
  57  13:08  Marine  
  57  13:09  Marine  
  57  13:12  Marine  
  60  13:26  Marine  
  61  13:27  Marine  
  61  13:30  Marine  
  63  13:44  Marine  
  63  13:45  Marine  
  63  13:48  Marine  
  66  13:58  Battlecruiser  
  66  14:02  Marine x2  
  73  14:05  Marine  
  75  14:14  Terran Ship Weapons Level 1  
  75  14:20  Marine  
  76  14:28  Rapid Reignition System  
  76  14:46  Marine  
  76  14:47  Marine x2  
  79  15:03  Battlecruiser  
  79  15:04  Marine  
  79  15:05  Marine x2  
  88  15:09  Command Center  
  88  15:22  Marine x3  
  91  15:40  Marine x3  
  91  16:20  Marine  
Show
View Real Time Build Order
Export as new Build Order

mugentime Terran 

Build Orders: Gas First Reaper Expand 

Get SALT Encoding   

  12  0:01  SCV  
  13  0:17  Supply Depot  
  14  0:21  SCV  
  14  0:30  Refinery  
  14  0:44  SCV  
  15  0:52  Barracks  
  15  1:36  Command Center, SCV  
  16  1:46  Reaper  
  17  1:48  SCV  
  17  1:50  Refinery  
  18  2:07  SCV  
  19  2:19  Factory  
  19  2:26  SCV  
  20  2:37  Reaper  
  21  3:19  Factory Reactor  
  21  3:20  Starport, SCV  
  21  3:21  Orbital Command  
  21  3:25  Refinery  
  21  3:34  Orbital Command  
  21  3:38  Reaper  
  22  3:42  Refinery  
  22  4:10  Widow Mine x2  
  22  4:14  SCV  
  22  4:16  Starport  
  27  4:27  SCV  
  27  4:29  Supply Depot  
  28  4:33  Armory  
  28  4:36  SCV  
  29  4:52  Supply Depot  
  29  4:55  Widow Mine x2  
  29  4:56  SCV x2  
  35  5:00  Starport Tech Lab x2  
  35  5:08  SCV  
  36  5:16  Widow Mine x2  
  40  5:26  SCV  
  41  5:38  Widow Mine x2  
  45  5:45  Command Center  
  45  5:50  SCV  
  46  5:59  Fusion Core, Widow Mine x2  
  42  6:20  Widow Mine  
  42  6:21  Widow Mine  
  42  6:22  SCV x2  
  48  7:01  Widow Mine x2  
  52  7:02  Battlecruiser  
  56  7:22  Widow Mine x2  
  57  7:43  Supply Depot x2  
  57  7:44  Supply Depot  
  55  8:05  SCV  
  56  8:35  Battlecruiser  
  62  8:48  Supply Depot  
  62  8:50  Supply Depot  
  62  9:06  SCV x2  
  64  9:20  Barracks  
  64  9:23  Supply Depot  
  64  9:26  Supply Depot  
  58  10:16  Battlecruiser  
  64  10:43  Factory  
  64  10:47  Factory  
  64  10:50  Orbital Command  
  64  10:54  SCV  
  64  10:56  Supply Depot  
  64  11:04  SCV  
  56  11:06  SCV  
  57  11:20  Medivac  
  37  13:30  SCV  
  38  13:37  SCV  
  34  13:55  Factory Reactor  
  34  13:58  SCV  
  32  14:02  Factory Reactor  
  23  14:29  Weapon Refit  
  23  14:33  Supply Depot  
  15  14:55  Battlecruiser, Widow Mine  
  11  15:12  SCV, Widow Mine x2  
  18  15:24  SCV  
Show
View Real Time Build Order
Export as new Build Order

haake Terran 

Build Orders: Mech 

Get SALT Encoding   

  12  0:04  SCV  
  13  0:16  SCV  
  14  0:25  Supply Depot  
  14  0:28  SCV  
  15  0:47  SCV  
  16  0:50  Barracks  
  16  0:59  SCV, Refinery  
  17  1:11  SCV  
  18  1:23  SCV  
  19  1:38  Orbital Command  
  19  1:41  Supply Depot  
  19  1:56  Command Center  
  19  1:59  Refinery  
  19  2:08  Factory  
  19  2:11  Marine  
  20  2:23  SCV  
  21  2:35  SCV  
  22  2:47  SCV  
  23  2:52  Factory Tech Lab  
  23  2:56  Armory  
  23  2:59  SCV  
  24  3:07  Orbital Command  
  24  3:10  Refinery  
  24  3:11  SCV  
  25  3:21  Siege Tank  
  25  3:24  SCV  
  29  3:35  SCV  
  29  3:36  SCV  
  31  3:47  SCV  
  31  3:48  SCV  
  33  3:59  Command Center  
  33  4:00  SCV x2  
  35  4:11  Factory  
  35  4:12  SCV x2  
  35  4:16  Drilling Claws  
  37  4:19  Siege Tank  
  37  4:24  SCV x2  
  41  4:27  Terran Vehicle Weapons Level 1  
  42  4:36  SCV x2  
  44  4:39  Refinery  
  44  4:48  SCV x2  
  46  4:57  Supply Depot  
  46  5:06  Supply Depot  
  46  5:10  SCV x2  
  46  5:13  Refinery  
  48  5:15  Orbital Command  
  48  5:20  Supply Depot  
  48  5:22  SCV x2  
  50  5:29  Supply Depot  
  50  5:34  SCV x2  
  52  5:41  Factory Reactor  
  52  5:43  Supply Depot, Siege Tank  
  52  5:46  SCV x2  
  57  5:59  SCV x2  
  57  6:04  Factory  
  59  6:06  Supply Depot  
  59  6:11  SCV x2  
  61  6:15  Siege Tank  
  64  6:21  Terran Vehicle And Ship Armor Level 1  
  64  6:23  SCV x2  
  66  6:28  Supply Depot  
  66  6:48  Factory  
  66  7:06  Factory Reactor  
  66  7:43  Supply Depot  
  66  7:57  Widow Mine x3  
  66  7:58  Widow Mine x2  
  65  8:19  Widow Mine x5  
  70  8:40  Widow Mine x5  
  80  8:50  Supply Depot  
  80  8:52  Factory Tech Lab  
  80  9:01  Widow Mine x2  
  80  9:02  Widow Mine x3  
  90  9:04  Orbital Command  
  90  9:13  Supply Depot  
  90  9:23  Widow Mine x5  
  100  9:35  Supply Depot  
  100  9:44  Siege Tank, Widow Mine x4  
  111  9:59  Supply Depot  
  111  10:16  Siege Tank  
  111  10:18  Siege Tank  
  117  10:21  Supply Depot  
  117  10:32  Armory, Terran Vehicle Weapons Level 2  
  105  10:42  Orbital Command  
  90  10:45  Supply Depot  
  90  10:48  Siege Tank  
  93  10:50  Siege Tank  
  95  11:03  Orbital Command  
  95  11:08  Supply Depot  
  95  11:21  Siege Tank  
  95  11:22  Siege Tank  
  95  11:32  Supply Depot  
  70  11:53  Siege Tank  
  69  11:54  Supply Depot, Siege Tank  
  52  12:09  Widow Mine x3  
  52  12:10  Widow Mine  
  57  12:25  Siege Tank  
  57  12:26  Siege Tank  
  55  12:31  Widow Mine x3  
  58  12:50  Widow Mine  
  60  12:52  Widow Mine x3  
  60  12:56  Terran Vehicle Weapons Level 3  
  60  12:57  Siege Tank  
  72  12:58  Siege Tank  
  72  13:11  Widow Mine  
  73  13:13  Widow Mine x2  
  73  13:14  Widow Mine  
  56  13:54  Orbital Command  
  39  14:31  Widow Mine  
  37  15:07  Widow Mine x2  
  38  15:18  Siege Tank  
  27  15:50  Widow Mine  
Show
View Real Time Build Order
Export as new Build Order

rbl Terran 

Build Orders:  

Get SALT Encoding   

  12  0:03  SCV  
  13  0:46  Refinery  
  13  0:50  Supply Depot  
  13  1:08  Command Center  
  13  1:17  Barracks  
  13  1:41  Engineering Bay  
  13  2:11  Barracks Tech Lab  
  13  2:34  Command Center  
  13  2:43  Orbital Command  
  13  3:16  Factory  
  13  3:22  Refinery  
  13  3:31  Orbital Command  
  13  3:56  Orbital Command  
  13  4:03  SCV  
  14  4:10  Factory Tech Lab  
  14  4:15  SCV  
  15  4:27  SCV  
  16  4:33  Starport  
  16  4:40  SCV  
  16  4:45  SCV  
  18  4:52  Siege Tank, SCV  
  22  4:57  SCV  
  23  5:04  SCV  
  24  5:09  SCV  
  25  5:16  SCV  
  26  5:21  SCV  
  26  5:24  Starport, Siege Tank  
  26  5:27  SCV  
  26  5:28  SCV  
  32  5:31  Starport Tech Lab  
  32  5:39  SCV  
  33  5:51  SCV  
  34  6:03  SCV  
  35  6:15  SCV  
  36  6:19  Missile Turret  
  36  6:20  Starport Tech Lab  
  36  6:22  Cloaking Field  
  36  6:25  Banshee  
  39  6:32  Starport  
  36  6:41  Missile Turret  
  35  7:01  Missile Turret  
  35  7:07  Banshee  
  32  7:22  Missile Turret  
  24  7:42  Starport Tech Lab  
  23  7:45  Banshee  
  23  7:50  Banshee  
  29  8:27  Banshee  
  15  9:10  Orbital Command  
  15  9:25  Starport Tech Lab  
  15  9:27  Starport Tech Lab  
  15  10:03  Orbital Command  
  15  10:08  Orbital Command  
  15  10:29  Orbital Command  
  15  11:02  SCV  
  16  11:07  SCV  
  17  11:11  SCV  
  17  11:14  SCV  
  17  11:16  Viking x3  
  25  11:19  SCV  
  25  11:23  SCV  
  27  11:26  SCV  
  27  11:28  Refinery  
  27  11:31  SCV  
  29  11:35  SCV  
  29  11:39  SCV  
  31  11:43  SCV  
  31  11:44  Refinery  
  31  11:46  Viking  
  34  11:47  SCV  
  34  11:51  SCV  
  36  11:55  SCV  
  36  12:00  SCV  
  38  12:04  Refinery  
  38  12:22  Engineering Bay  
  14  13:07  Supply Depot  
  12  13:15  Supply Depot  
  12  13:16  Supply Depot  
  12  13:26  Refinery  
  12  13:32  Supply Depot  
  12  13:36  SCV  
  12  13:37  Supply Depot  
  12  13:40  Supply Depot  
  13  13:48  SCV  
  14  13:53  SCV  
  15  13:56  Supply Depot  
  15  14:00  SCV  
  16  14:05  SCV  
  16  14:08  Starport  
  17  14:12  SCV  
  18  14:17  SCV  
  18  14:19  Supply Depot  
  18  14:21  Starport  
  19  14:24  SCV  
  19  14:27  Starport  
  19  14:29  SCV  
  21  14:33  Refinery  
  21  14:41  Supply Depot, SCV  
  21  14:43  SCV  
  23  14:49  Refinery  
  23  14:50  Starport Tech Lab  
  23  14:53  SCV  
  23  14:55  SCV  
  25  15:02  Armory  
  25  15:04  Supply Depot  
  25  15:05  SCV  
  26  15:08  SCV  
  26  15:11  Starport Tech Lab  
  26  15:13  Starport Tech Lab  
  27  15:17  SCV  
  27  15:20  Fusion Core, SCV  
  29  15:28  Widow Mine  
  31  15:32  SCV  
  32  15:49  Widow Mine  
  32  16:11  Widow Mine  
  32  16:32  Widow Mine  
Tags
 
Add a new tag
Caveats
  • Supply blocks, unpowered buildings, or Contaminate may cause inaccurate times.
  • Supply counts are checked every 10 seconds.